[Event "*** Titled Tuesday Blitz"]
[Site "Chess.com"]
[Date "2020.05.19"]
[Round "4"]
[White "almaguerjm"]
[Black "CMS13"]
[Result "0-1"]
[WhiteElo "2327"]
[BlackElo "2199"]
[TimeControl "180+1"]
[EndTime "12:40:52 PDT"]
[Termination "CMS13 won by resignation"]

1. d4 d5 2. Nc3 Nf6 3. Bf4 e6 4. e3 c5 5. Nb5 Na6 6. c3 Bd7 7. a4 Be7 8. dxc5 Bxc5 9. Nd6+ Bxd6 10. Bxd6 Ne4 11. Ba3 Qf6 12. Nf3 Nac5 13. Qd4 Nxa4 14. Qxf6 Nxf6 15. Bd3 Nb6 16. Ne5 a6 17. Bc5 Nc8 18.
g4 Ne7 19. g5 Ne4 20. Bxe4 dxe4 21. O-O-O Bc6 22. Bxe7 Kxe7 23. Nxc6+ bxc6 24. Rd4 f5 25. gxf6+ gxf6 26. Rxe4 Rhg8 27. Rh4 Rg7 28. Rd1 Rd8 29. Rxd8 Kxd8 30. Re4 e5 31. f4 exf4 32. Rxf4 Rg1+ 33. Kc2 Rg2+ 34. Kb3 Rxh2 35. Rxf6 Kc7 36. e4 h5 37. e5 Re2 38. e6 h4 39. Rh6 Re4 40.
Ka3 Kd6 41. b3 Ke7 42. c4 c5 43.
Rh5 Kxe6 44. Rxc5 h3 45. Ra5 Rh4 46. Rxa6+ Kd7 47. Kb4 h2 48. Ra7+ Kc8 49. Ra1 h1=Q 50. Rxh1 Rxh1 51. Kc5 Kc7 52. b4 Rh5+ 53. Kd4 Kc6 54.
Ke4 Rh4+ 55. Kd3 Kb6 56. Kc3 Kc6 57. Kd3 Kd6 58. Ke3 Rxc4 0-1

[Event "*** Titled Tuesday Blitz"]
[Site "Chess.com"]
[Date "2020.05.19"]
[Round "4"]
[White "Dr-Bassem"]
[Black "MateSchmate"]
[Result "0-1"]
[WhiteElo "2781"]
[BlackElo "2544"]
[TimeControl "180+1"]
[EndTime "12:40:53 PDT"]
[Termination "MateSchmate won on time"]

1. e4 e6 2. d3 d5 3. Nd2 Nf6 4. Ngf3 Bc5 5. c3 dxe4 6. Nxe4 Nxe4 7. Qa4+ Bd7 8. Qxe4 Bc6 9. Qg4 Qf6 10. Be2 Nd7 11. Bg5 Qf5 12. Qxf5 exf5 13. d4 Bd6 14. O-O-O h6 15.
Be3 f4 16. Bd2 Nf6 17. Bd3 O-O-O 18. Rhe1 Rhe8 19. Kc2 Ne4 20. Re2 Nxd2 21. Kxd2 Bxf3 22. gxf3 c6 23. Re4 Kc7 24. Rde1 Rxe4 25. fxe4 f6 26.
b4 b6 27. f3 Re8 28. h4 c5 29.
bxc5 bxc5 30. Rb1 g5 31. Rh1 cxd4 32. cxd4 Bb4+ 33. Kc2 Rd8 34. hxg5 hxg5 35. d5 Bd6 36. Bb5 Kb6 37. Bc6 Rc8 38. Rb1+ Kc5 39. Rb7 Rc7 40. Rb3 Kd4 41. Kd2 g4 42. fxg4 Kxe4 43. Rc3 Bb4 0-1

[Event "*** Titled Tuesday Blitz"]
[Site "Chess.com"]
[Date "2020.05.19"]
[Round "4"]
[White "Marcan2b"]
[Black "Salem-AR"]
[Result "0-1"]
[WhiteElo "2443"]
[BlackElo "3043"]
[TimeControl "180+1"]
[EndTime "12:40:53 PDT"]
[Termination "Salem-AR won on time"]

1. d4 Nf6 2. Bf4 g6 3. Nc3 d5 4. e3 Bg7 5. h4 h5 6. Nf3 O-O 7. Ne5 c5 8. Qd2 Nc6 9. O-O-O Bf5 10. f3 Nb4 11. Nd3 Rc8 12. Kb1 b5 13. dxc5 Bxd3 14. Bxd3 Rxc5 15. Be5 Nc6 16. Bxf6 Bxf6 17. Ne2 Qc7 18. g4 hxg4 19. fxg4 Ne5 20. h5 g5 21. Nd4 Nc4 22. Bxc4 bxc4 23. c3 Rb8 24. Rhf1 Qb7 25.
Rf2 Qa6 26. Nc2 Ra5 27. a3 Qb6 28. Nb4 Rb5 29. Nxd5 Qc5 30. Nxf6+ exf6 31. Qd6 Qxe3 32. Qxf6 R5b7 33. h6 Qe4+ 34. Ka2 Qg6 35. Qxg6+ fxg6 36. Rd6 Kh7 37. Rff6 Rxb2+ 38. Ka1 Rb1+ 0-1

[Event "*** Titled Tuesday Blitz"]
[Site "Chess.com"]
[Date "2020.05.19"]
[Round "4"]
[White "GelmanAlexander"]
[Black "2007checkmate"]
[Result "1-0"]
[WhiteElo "2585"]
[BlackElo "2403"]
[TimeControl "180+1"]
[EndTime "12:40:53 PDT"]
[Termination "GelmanAlexander won by resignation"]

1. c4 e5 2. e3 Nc6 3. a3 g6 4. d3 Bg7 5. Nf3 d6 6. Nc3 f5 7.
Be2 Nf6 8. O-O h6 9. Bd2 Be6 10. b4 O-O 11. b5 Ne7 12. a4 g5 13. h3 Qd7 14. Nh2 Ng6 15. a5 f4 16. e4 Nh4 17.
Kh1 Nxg2 18. Kxg2 Bxh3+ 19. Kh1 Bxf1 20. Qxf1 g4 21. Nd5 g3 22. Nxf6+ Rxf6 23. Ng4 Rg6 24. Qh3 Qf7 25. fxg3 h5 26. Qxh5 fxg3 27. Rf1 Qe6 28. Kg2 Rf8 29. Rf5 Qe8 30. Bh6 Re6 31. Qg5 Rg6 32.
Qh5 Re6 33. Qh4 Qg6 34. Rg5 Rf2+ 35. Kxg3 Rxe2 36. Rxg6 Rxg6 37. Bxg7 Rxg7 38. Qd8+ Kh7 39. Kf3 Rd2 40. Qh4+ Kg8 41. Nh6+ Kh8 42. Nf5+ Kg8 43. Nxg7 Kxg7 44. Qg5+ Kf7 45. Qxd2 1-0

[Event "*** Titled Tuesday Blitz"]
[Site "Chess.com"]
[Date "2020.05.19"]
[Round "4"]
[White "Corpescador"]
[Black "Fusikk"]
[Result "0-1"]
[WhiteElo "2374"]
[BlackElo "2580"]
[TimeControl "180+1"]
[EndTime "12:40:53 PDT"]
[Termination "Fusikk won by resignation"]

1. e4 e5 2. Nf3 Nc6 3. Bb5 a6 4. Ba4 d6 5. c3 Bd7 6. d4 Nf6 7. d5 Ne7 8. Bxd7+ Nxd7 9. c4 g6 10. O-O Bg7 11. Nc3 O-O 12. Bd2 a5 13. Rc1 h6 14. Ne1 f5 15. f3 f4 16. Nd3 g5 17.
a3 b6 18. b4 axb4 19. axb4 Nf6 20. c5 bxc5 21. bxc5 Rf7 22. Qe2 Bf8 23. Ra1 Rxa1 24.
Rxa1 Rg7 25. Kh1 g4 26. c6 h5 27. Nf2 Qc8 28. Qa6 Qe8 29. Qf1 Ng6 30. Ra7 Nh4 31. Nb5 gxf3 32. gxf3 Nxf3 33. Nh3 Nxd2 34. Qe2 Nfxe4 35.
Rxc7 f3 36. Qe3 Qg6 37. Rxg7+ Qxg7 38. Qg1 Qxg1+ 39. Kxg1 Nc4 40. c7 Nb6 41. Na7 Bh6 42. c8=Q+ Nxc8 43. Nxc8 Be3+ 44. Kf1 f2 45. Kg2 Bc5 46.
Ne7+ Kf7 47. Nf5 Kf6 48. Ng3 Nxg3 49. hxg3 Kf5 50. Nxf2 Bxf2 51. Kxf2 Ke4 0-1

[Event "*** Titled Tuesday Blitz"]
[Site "Chess.com"]
[Date "2020.05.19"]
[Round "4"]
[White "2008king"]
[Black "AEMEffi"]
[Result "0-1"]
[WhiteElo "2055"]
[BlackElo "2298"]
[TimeControl "180+1"]
[EndTime "12:40:53 PDT"]
[Termination "AEMEffi won by checkmate"]

1. e4 e5 2. Nf3 Nc6 3. d4 exd4 4. Nxd4 Nf6 5. Nxc6 bxc6 6. e5 Qe7 7. Qe2 Nd5 8.
h4 Qe6 9. Rh3 Bc5 10. c4 Bb4+ 11. Bd2 Nf4 12. Qf3 Bxd2+ 13. Nxd2 Nxh3 14. Qxh3 Qxe5+ 15. Qe3 Qxe3+ 16. fxe3 O-O 17. e4 Rb8 18. O-O-O d6 19. c5 Be6 20. b3 d5 21. e5 f6 22. Nf3 Bg4 23. e6 Rfe8 24. Re1 Rxe6 25. Rxe6 Bxe6 26.
Nd4 Bd7 27. g3 Rb4 28. Nc2 Rg4 29. Bh3 Rxg3 30. Bxd7 g5 31. hxg5 fxg5 32. Bxc6 Rd3 33. Nb4 Rc3+ 34. Kd2 Rxc5 35. Bxd5+ Kg7 36. Bf3 Rf5 37.
Be4 Rf2+ 38. Ke3 Rh2 39. a4 Rh3+ 40. Kf2 Rxb3 41. Nd5 c5 42. a5 Ra3 43. Nc7 Rxa5 44.
Ne6+ Kf6 45. Nf8 h5 46. Nh7+ Ke5 47. Bc2 Kf4 48. Bd3 g4 49. Nf6 Ra2+ 50. Be2 g3+ 51. Kf1 g2+ 52. Kxg2 Rxe2+ 53. Kf1 Re5 54. Kf2 h4 55.
Nd7 Rd5 56. Nb8 c4 57. Nc6 c3 58. Nb4 Rd2+ 59. Ke1 h3 60. Nc6 h2 61. Ne7 h1=Q# 0-1

[Event "*** Titled Tuesday Blitz"]
[Site "Chess.com"]
[Date "2020.05.19"]
[Round "4"]
[White "AliKa2810"]
[Black "Zarikovs1999"]
[Result "1-0"]
[WhiteElo "2626"]
[BlackElo "2403"]
[TimeControl "180+1"]
[EndTime "12:40:54 PDT"]
[Termination "AliKa2810 won on time"]

1. d4 Nf6 2. c4 c5 3. d5 b5 4.
cxb5 a6 5. bxa6 g6 6. Nc3 Bg7 7. e4 O-O 8. e5 Ne8 9. h4 h5 10. Nf3 Bxa6 11. Bxa6 Nxa6 12. Bg5 Rb8 13. Qd2 f6 14. exf6 exf6 15. Be3 Nd6 16. b3 Nf5 17. O-O d6 18. Bf4 Qd7 19. Rfe1 Nc7 20. Re2 Nd4 21. Nxd4 cxd4 22. Qxd4 f5 23. Qd3 Nb5 24. Nxb5 Bxa1 25. Nxd6 Bf6 26. Re6 Rb4 27. Qg3 Kh7 28. a3 Rd4 29.
Qf3 Bxh4 30. Be5 Rd2 31. g3 Bg5 32. Kg2 Qa7 33. Nc4 Ra2 34. Bb2 Qd7 35. Nb6 Qd8 36. Qc3 Rf7 37. Rd6 Qg8 38. Rd7 1-0

[Event "*** Titled Tuesday Blitz"]
[Site "Chess.com"]
[Date "2020.05.19"]
[Round "4"]
[White "DenisQ"]
[Black "crossingthestreet"]
[Result "1-0"]
[WhiteElo "2547"]
[BlackElo "2318"]
[TimeControl "180+1"]
[EndTime "12:40:54 PDT"]
[Termination "DenisQ won by resignation"]

1. Nf3 d5 2. c4 e6 3. d4 Nf6 4. Nc3 Bb4 5. cxd5 exd5 6. Bg5 h6 7. Bxf6 Qxf6 8. Qa4+ Nc6 9. e3 O-O 10. Bb5 Bxc3+ 11. bxc3 Ne7 12. O-O c6 13. Bd3 Ng6 14. Bxg6 fxg6 15. Ne5 g5 16. Rab1 h5 17. c4 dxc4 18.
Qxc4+ Be6 19. Qc5 Bc8 20. f4 g4 21. f5 a6 22. e4 Rd8 23. Rbd1 Bd7 24. Ng6 Be8 25. e5 Qf7 26. Ne7+ Kh7 27. f6 g6 28. a4 Bd7 29. a5 Be6 30. Rb1 Rab8 31. Rb4 Bd5 32.
Rfb1 g3 33. hxg3 Rd7 34. Nxd5 cxd5 35. Rb6 Qe8 36. e6 Rdd8 37. f7 Qf8 38. Qxf8 Rxf8 39. Rxb7 Rxb7 40. Rxb7 Kg7 41. e7 Rxf7 42. e8=Q Rxb7 43.
Qe5+ Kh6 44. Qxd5 Rb1+ 45. Kh2 Rb5 46. Qxb5 axb5 47. a6 b4 48. a7 b3 49. a8=Q b2 50. Qb7 b1=Q 51. Qxb1 1-0

[Event "*** Titled Tuesday Blitz"]
[Site "Chess.com"]
[Date "2020.05.19"]
[Round "4"]
[White "Siemba"]
[Black "Keithonsky"]
[Result "1-0"]
[WhiteElo "2263"]
[BlackElo "2420"]
[TimeControl "180+1"]
[EndTime "12:40:54 PDT"]
[Termination "Siemba won by resignation"]

1. e4 e6 2. d4 d5 3. Nd2 c5 4. exd5 Qxd5 5. Ngf3 cxd4 6. Bc4 Qd8 7.
O-O Nc6 8. Nb3 a6 9. Nbxd4 Nxd4 10. Nxd4 Qc7 11. Bb3 Bd6 12. Re1 Bxh2+ 13. Kh1 Be5 14. Nxe6 Bxe6 15. Bxe6 Nf6 16. Bb3 O-O 17. c3 Rad8 18.
Qf3 h6 19. Be3 b5 20. Rad1 a5 21. a4 b4 22. cxb4 axb4 23. Bc1 Bd4 24. Kg1 Qb6 25. Bc4 Qc5 26. b3 Bc3 27. Rf1 Qe5 28. Bf4 Qf5 29. Bd3 Qh5 30. Qxh5 Nxh5 31. Bc7 Rc8 32. Bb6 Nf4 33. Be4 Rfe8 34. Bf3 g6 35. a5 Re6 36. g3 Nh3+ 37. Kg2 Ng5 38. Bd5 Rf6 39. f4 Ne6 40. Bb7 Re8 41. a6 Nxf4+ 42. Rxf4 Rxb6 43.
Rdf1 Re2+ 44. R1f2 Rxf2+ 45. Kxf2 Rb5 46. a7 Ra5 47.
a8=Q+ Rxa8 48. Bxa8 f5 49. Rc4 Kg7 50. Kf3 Kf6 51.
g4 fxg4+ 52. Kxg4 h5+ 53. Kf3 Kg5 54. Be4 Kh4 55. Bxg6+ 1-0

[Event "*** Titled Tuesday Blitz"]
[Site "Chess.com"]
[Date "2020.05.19"]
[Round "4"]
[White "bmt011"]
[Black "aaronmaster123"]
[Result "1-0"]
[WhiteElo "2048"]
[BlackElo "2244"]
[TimeControl "180+1"]
[EndTime "12:40:54 PDT"]
[Termination "bmt011 won on time"]

1. d4 Nf6 2. Bf4 Nh5 3. Bg5 h6 4. Bh4 g5 5. e4 Nf6 6. e5 gxh4 7.
exf6 exf6 8. Qh5 Qe7+ 9. Be2 Qb4+ 10. Nd2 Qxb2 11. Rb1 Qxd4 12. Ngf3 Qc5 13. Qxh4 Be7 14. O-O d5 15. c4 dxc4 16. Bxc4 Nc6 17. Rbc1 Qf5 18.
Rfe1 Be6 19. Bxe6 fxe6 20. Rxc6 bxc6 21. Nd4 Qg5 22. Qe4 O-O 23. Re3 Bd6 24. Nxe6 Qh5 25. Rh3 Qd1+ 26. Nf1 f5 27. Qh4 Qc1 28.
Qh5 Rf6 29. Re3 Raf8 30. Nxf8 Kxf8 31. Qe8+ Kg7 32. Qd7+ Rf7 33. Qe8 f4 34. Re6 Bc5 35. Re1 Qc2 36. Qe5+ Kg6 37. Re2 Rf5 38. Qe8+ 1-0

[Event "*** Titled Tuesday Blitz"]
[Site "Chess.com"]
[Date "2020.05.19"]
[Round "4"]
[White "ChristopherYoo"]
[Black "Reader777"]
[Result "1-0"]
[WhiteElo "2881"]
[BlackElo "2605"]
[TimeControl "180+1"]
[EndTime "12:40:55 PDT"]
[Termination "ChristopherYoo won by resignation"]

1. e4 c5 2. Nf3 d6 3. d4 cxd4 4.
Nxd4 Nf6 5. Nc3 e6 6. Bg5 Be7 7. Qf3 h6 8. Be3 Nc6 9. O-O-O Nxd4 10. Bxd4 e5 11. Bxe5 Bg4 12. Bb5+ Kf8 13. Qg3 Bxd1 14. Rxd1 Rc8 15. Bxd6 Bxd6 16. Rxd6 Qe7 17. e5 Ne8 18. Rd7 Qg5+ 19. f4 Qxg3 20. hxg3 a6 21. Ba4 b5 22. Bb3 Rc7 23. Rd8 g5 24. Nd5 Ra7 25. Nf6 Ke7 26. Rb8 gxf4 27. gxf4 Rf8 28. Nd5+ Kd7 29. f5 a5 30. a4 b4 31. Bc4 Kc6 32. Nf6 Re7 33. Bb5+ Kc7 34. Rxe8 Rfxe8 35. Nxe8+ Kb7 36. Nd6+ Kc7 37. Nc4 h5 38. Kd2 h4 39. Ke3 f6 40. e6 Rg7 41. Kf2 Kd8 42. Nxa5 Rc7 43. Nc6+ Ke8 44. Nxb4+ Kf8 45. Nd5 Rxc2+ 46. Kf3 Rxb2 47.
e7+ 1-0

[Event "*** Titled Tuesday Blitz"]
[Site "Chess.com"]
[Date "2020.05.19"]
[Round "4"]
[White "fabianvivasz"]
[Black "Alliswell998"]
[Result "1-0"]
[WhiteElo "2324"]
[BlackElo "2500"]
[TimeControl "180+1"]
[EndTime "12:40:55 PDT"]
[Termination "fabianvivasz won by checkmate"]

1. e4 c5 2. Nf3 d6 3. d4 cxd4 4. Nxd4 Nf6 5. Nc3 a6 6. Bc4 e6 7. Bb3 Nbd7 8. Bg5 Nc5 9. Qf3 Be7 10. O-O-O Qc7 11. Rhe1 b5 12. Bxf6 Bxf6 13. Nf5 Be5 14. Qe3 O-O 15. f4 Nxb3+ 16. axb3 Bxc3 17. Qxc3 Qxc3 18. Ne7+ Kh8 19. bxc3 Rd8 20. e5 d5 21. f5 Bb7 22.
f6 a5 23. Rd4 a4 24. Kb2 Ra6 25.
Re3 axb3 26. Rh3 g5 27. Rdd3 g4 28. Rh4 d4 29. Rxg4 dxc3+ 30. Kxc3 Rxd3+ 31. cxd3 Ra8 32.
Kxb3 Rd8 33. d4 h6 34. Kb4 Kh7 35. Kxb5 h5 36. Rg7+ Kh6 37. Ng8+ Rxg8 38. Rxg8 Bd5 39. Rg7 h4 40. Rxf7 Bxg2 41. Rg7 h3 42. Rg3 Bc6+ 43.
Kxc6 Kh5 44. f7 Kh4 45. f8=Q Kh5 46. Qh8# 1-0

[Event "*** Titled Tuesday Blitz"]
[Site "Chess.com"]
[Date "2020.05.19"]
[Round "4"]
[White "AGW2016"]
[Black "mamonika"]
[Result "1-0"]
[WhiteElo "2231"]
[BlackElo "1961"]
[TimeControl "180+1"]
[EndTime "12:40:56 PDT"]
[Termination "AGW2016 won on time"]

1. e4 c5 2. c3 Nf6 3. e5 Nd5 4. d4 cxd4 5. Nf3 e6 6. cxd4 d6 7. Bc4 Nb6 8. Bb3 Nc6 9. O-O dxe5 10. dxe5 Qxd1 11. Rxd1 Be7 12. Nc3 O-O 13. Be3 Nd7 14. Nb5 Ndxe5 15. Nxe5 Nxe5 16. Nc7 Rb8 17. Bxa7 Nc6 18.
Bxb8 Nxb8 19. Nb5 Bd7 20. Nd6 Bc6 21. Rac1 Na6 22. Nxb7 Bxb7 23. Rd7 Bg5 24. Rcd1 Bc8 25. Ra7 Nc5 26. Bc4 h6 27. b4 Ne4 28. b5 Bd8 29. Ra8 Bb6 30. Rb1 Nxf2 31. Kf1 Ne4 32. Ke2 Nc3+ 33. Kd3 Nxb1 34. a4 Na3 35. Bb3 Bb7 36.
Rxf8+ Kxf8 37. g3 Ke7 38. Kc3 Ba5+ 39. Kb2 Nxb5 40. axb5 Kd6 41. Bc4 Kc5 42. Bf1 Kb6 43. Kb3 Bd5+ 44. Ka4 e5 45. Be2 e4 46. g4 g6 47. h4 f5 48. h5 1-0

[Event "*** Titled Tuesday Blitz"]
[Site "Chess.com"]
[Date "2020.05.19"]
[Round "4"]
[White "andriipalchuk"]
[Black "hongnhung1234"]
[Result "1-0"]
[WhiteElo "1923"]
[BlackElo "2192"]
[TimeControl "180+1"]
[EndTime "12:40:56 PDT"]
[Termination "andriipalchuk won by checkmate"]

1. Nf3 f5 2. d4 Nf6 3. Bg5 g6 4. h4 h6 5. Bxf6 exf6 6. e3 d5 7. a3 Be6 8. Nbd2 Qd7 9. c4 Nc6 10. c5 Bg7 11. Bd3 Ne7 12. Qc2 c6 13. Nb1 g5 14. Nc3 g4 15. Ng1 h5 16. g3 Kf7 17. Nge2 Ng6 18. Nf4 Nxf4 19. exf4 Kg6 20. O-O Rae8 21. Rfe1 Kh6 22. Re2 Bf7 23. Rae1 Rxe2 24.
Rxe2 Bg6 25. Nd1 Re8 26. Rxe8 Qxe8 27. Ne3 Kh7 28. Bxf5 Bxf5 29. Qxf5+ Kg8 30. b4 a6 31. a4 Kf7 32. Qxh5+ Kf8 33. Qxe8+ Kxe8 34. Nxg4 Kf7 35. f5 Bf8 36. Kg2 Be7 37. Kf3 Bd8 38. Ne3 b6 39. g4 a5 40. bxa5 bxc5 41. dxc5 Bxa5 42.
Nc2 Bc3 43. a5 Bxa5 44. Nd4 Bb4 45. Nxc6 Bxc5 46. Na5 Ke7 47. g5 Bb6 48. Nb3 Kf7 49. Nc1 Bd8 50. Kg4 d4 51. Nd3 Kg7 52. Kh5 Bc7 53.
Nc5 Be5 54. Nd3 Bd6 55. f4 fxg5 56. fxg5 Kf7 57. Kg4 Kg7 58. h5 Kh7 59. h6 Be7 60. Kh5 Bd6 61. g6+ Kh8 62. f6 Ba3 63. g7+ Kh7 64.
f7 Bf8 65. g8=Q# 1-0

[Event "*** Titled Tuesday Blitz"]
[Site "Chess.com"]
[Date "2020.05.19"]
[Round "4"]
[White "SaraciNderim"]
[Black "Rud_Makarian"]
[Result "1-0"]
[WhiteElo "2841"]
[BlackElo "2571"]
[TimeControl "180+1"]
[EndTime "12:40:57 PDT"]
[Termination "SaraciNderim won on time"]

1. b3 Nf6 2. Bb2 e6 3. e3 b6 4. Nf3 Bb7 5. d4 Be7 6. g3 O-O 7. Bg2 c5 8. O-O cxd4 9. exd4 d6 10. c4 Nbd7 11. Nc3 d5 12. Ne5 Rc8 13. cxd5 Nxd5 14. Nxd5 Bxd5 15. Bxd5 exd5 16. Rc1 Nxe5 17. dxe5 Bc5 18.
Qg4 Qe8 19. e6 f6 20. e7 Qxe7 21. b4 f5 22. Qh3 Bxb4 23. Rxc8 Rxc8 24. Qxf5 Rd8 25.
Rd1 Qf7 26. Qg5 Be7 27. Qg4 Bc5 28. Bd4 h6 29. h4 Re8 30. h5 Re4 31. Qc8+ Kh7 32.
Bxc5 Qxh5 33. Rc1 bxc5 34. Qxc5 Qe5 35. Qxa7 d4 36. Qa3 Re1+ 37. Rxe1 Qxe1+ 38. Kg2 Qc3 39. Qe7 d3 40. Qe4+ g6 41. Qe7+ Kh8 42. Qd8+ Kh7 43.
Qd7+ Kg8 44. Kf3 1-0

[Event "*** Titled Tuesday Blitz"]
[Site "Chess.com"]
[Date "2020.05.19"]
[Round "4"]
[White "Tolya2"]
[Black "swayamsm"]
[Result "0-1"]
[WhiteElo "2476"]
[BlackElo "2655"]
[TimeControl "180+1"]
[EndTime "12:40:57 PDT"]
[Termination "swayamsm won on time"]

1. Nf3 e6 2. c4 b6 3. g3 Bb7 4.
Bg2 f5 5. O-O Nf6 6. Nc3 Bb4 7.
Qc2 O-O 8. a3 Be7 9. d4 Qe8 10.
Rd1 Qh5 11. d5 Na6 12. b4 Rae8 13. Nd4 exd5 14. cxd5 Bd6 15. e3 Kh8 16. Bb2 Ng4 17. h3 Ne5 18. Ncb5 Be7 19. Qe2 Qxe2 20. Nxe2 Bf6 21.
Rab1 Rc8 22. Nxa7 Ra8 23. Nb5 g6 24. Ba1 Kg7 25. Rdc1 Rfc8 26. Nf4 Kf7 27. d6 Bxg2 28. Kxg2 c6 29. Nd4 b5 30. Nb3 Nc4 31. Bxf6 Kxf6 32. Ra1 Nb8 33. a4 Na6 34. axb5 cxb5 35. Na5 Nxd6 36.
Nd5+ Ke5 37. Rd1 Rc2 38. Nb6 Rd8 39. Rd5+ Ke6 40. Rad1 Ne4 0-1

[Event "*** Titled Tuesday Blitz"]
[Site "Chess.com"]
[Date "2020.05.19"]
[Round "4"]
[White "Dhaydon19"]
[Black "Crazy_girl99"]
[Result "1-0"]
[WhiteElo "2718"]
[BlackElo "2433"]
[TimeControl "180+1"]
[EndTime "12:40:58 PDT"]
[Termination "Dhaydon19 won on time"]

1. Nf3 g6 2. g3 Bg7 3. Bg2 e5 4. Nc3 d5 5. d3 Ne7 6. e4 c6 7.
O-O O-O 8. Re1 Qd6 9. exd5 cxd5 10. Nb5 Qb6 11. c4 Nbc6 12. Nc3 dxc4 13. dxc4 Be6 14. Nd5 Nxd5 15. cxd5 Rfd8 16. Ng5 Nb4 17. Nxe6 fxe6 18. Be3 Qa5 19. Bd2 Qb6 20. dxe6 Bh6 21. Bxh6 Rxd1 22. Raxd1 Re8 23. a3 Nc6 24. Bxc6 Qxc6 25. Rxe5 Rxe6 26.
Rxe6 Qxe6 27. Be3 b6 28. Bd4 Qd5 29. Rd2 h5 30. h4 b5 31. Bc3 Qe6 32. Kh2 a6 33.
Rd4 Qf5 34. Rf4 Qe6 35. Rf6 Qe4 36. Rxa6 Kf7 37. Rf6+ Ke7 38. Rb6 Qe2 39. Rf6 Qd3 40. Rf4 Ke6 41. Kg2 Ke7 42. Rd4 Qe2 43. a4 1-0

[Event "*** Titled Tuesday Blitz"]
[Site "Chess.com"]
[Date "2020.05.19"]
[Round "4"]
[White "bsnsun"]
[Black "Maybe00"]
[Result "0-1"]
[WhiteElo "2480"]
[BlackElo "2675"]
[TimeControl "180+1"]
[EndTime "12:40:59 PDT"]
[Termination "Maybe00 won by resignation"]

1. Nf3 d5 2. g3 c6 3. c4 Bg4 4. Bg2 e6 5. cxd5 Bxf3 6. Bxf3 cxd5 7. d4 Nc6 8. O-O Nf6 9. Nc3 Be7 10. e3 O-O 11.
Bd2 Rc8 12. Rc1 Nd7 13. Qe2 Nb6 14. Rfd1 Bf6 15. Bg2 Qe7 16. Be1 Rfd8 17. Nb5 a6 18. Nc3 g6 19. h4 h5 20. Bh3 Kg7 21. Bg2 Kh7 22. Bf3 Kg7 23. Bg2 Nc4 24. b3 Nd6 25. Na4 Nf5 26. Nc5 Ncxd4 27. exd4 Nxd4 28. Qd3 Rxc5 29. Bb4 b6 30. Bxc5 bxc5 31. Kh1 Qa7 32. Bf1 Ra8 33. Rd2 a5 34. Bg2 a4 35. bxa4 c4 36.
Qa3 Qxa4 37. Qxa4 Rxa4 38. Bf1 Nb5 39. Kg2 Nc3 40. Rcc2 Ne4 41. Rd1 Nc3 42. Rdd2 Nb5 43. Rd1 Na3 44. Re2 d4 45. Red2 d3 46. Bxd3 cxd3 47. Rxd3 Nc4 48. Rd7 Rxa2 49. Kg1 Ne5 50. Rb7 Nf3+ 51. Kg2 Nd4 52. Kf1 e5 53. Rc1 Ne6 54.
Rd1 Ra8 55. Rdd7 Rf8 56. Ra7 e4 57. Kg2 Nc5 58. Rd5 Nd3 59. Ra4 Re8 60. Rd7 Nc5 61. Rda7 Nxa4 62. Rxa4 e3 63. fxe3 Rxe3 64. Kf2 Rb3 0-1

[Event "*** Titled Tuesday Blitz"]
[Site "Chess.com"]
[Date "2020.05.19"]
[Round "4"]
[White "BeanScreen"]
[Black "Ranindu2003"]
[Result "1-0"]
[WhiteElo "2622"]
[BlackElo "2458"]
[TimeControl "180+1"]
[EndTime "12:40:59 PDT"]
[Termination "BeanScreen won by resignation"]

1. e4 c5 2. Nf3 d6 3. d4 cxd4 4.
Nxd4 Nf6 5. Nc3 a6 6. Be3 e5 7. Nb3 Be6 8. h3 h6 9. f4 Nc6 10. f5 Bxb3 11. axb3 d5 12. exd5 Nb4 13. Qd2 Bd6 14. Be2 O-O 15. O-O e4 16. Rad1 Qe7 17. Bf4 Rad8 18. Be3 Qc7 19. Bd4 Nbxd5 20. Nxd5 Nxd5 21.
f6 Bf4 22. Qe1 g6 23. Qh4 Rfe8 24. c3 Bg5 25. Qg4 Ne3 26. Bxe3 Bxe3+ 27. Kh1 Rxd1 28. Rxd1 Bg5 29. Bc4 Rd8 30. Rxd8+ Qxd8 31. Qxe4 Qxf6 32. Qxb7 Qf2 33. Qf3 Qe1+ 34. Qf1 Qe5 35. Qxf7+ 1-0

[Event "*** Titled Tuesday Blitz"]
[Site "Chess.com"]
[Date "2020.05.19"]
[Round "4"]
[White "Nellichka"]
[Black "IAgrest"]
[Result "0-1"]
[WhiteElo "1990"]
[BlackElo "2240"]
[TimeControl "180+1"]
[EndTime "12:40:59 PDT"]
[Termination "IAgrest won by resignation"]

1. d4 Nf6 2. c4 g6 3. Nc3 Bg7 4. e4 d6 5. g3 O-O 6. Bg2 Nbd7 7.
Nge2 e5 8. d5 a5 9. O-O Nc5 10. f4 exf4 11. gxf4 Bg4 12. Be3 b6 13. Qd2 Re8 14. Ng3 h5 15. e5 Nfd7 16. exd6 cxd6 17.
Nge4 Nxe4 18. Nxe4 Nc5 19. Ng5 Qf6 20. b3 Bf5 21. Rad1 Re7 22. Bd4 Qxd4+ 23. Qxd4 Bxd4+ 24. Rxd4 Re2 25. Rf2 Rae8 26. Rd2 Re1+ 27. Bf1 Nd3 28. Rfe2 R8xe2 29. Rxe2 Rxe2 30. Bxe2 Nxf4 31. Bf3 Bb1 32. a3 Bc2 33. b4 axb4 34. axb4 Bb3 35. Ne4 Bxc4 36.
Nxd6 Bxd5 37. Bxd5 Nxd5 38. b5 Kf8 39. Kf2 Ke7 40. Kf3 Kxd6 0-1

[Event "*** Titled Tuesday Blitz"]
[Site "Chess.com"]
[Date "2020.05.19"]
[Round "4"]
[White "paperotto610"]
[Black "profofchess"]
[Result "0-1"]
[WhiteElo "2289"]
[BlackElo "2462"]
[TimeControl "180+1"]
[EndTime "12:41:00 PDT"]
[Termination "profofchess won on time"]

1. Nf3 Nc6 2. c4 e5 3. Nc3 Nf6 4. g3 Bc5 5. Bg2 d6 6. O-O a6 7. e3 Ba7 8. Rb1 O-O 9. b4 Bf5 10. d3 Qd7 11. b5 axb5 12. cxb5 Ne7 13. Nh4 Bg4 14. Qb3 Bh3 15. Bxb7 Bxf1 16. Kxf1 Rab8 17. Bg2 d5 18. a4 c6 19. Ba3 Rfd8 20. Qa2 d4 21.
exd4 Bxd4 22. Bxe7 Qxe7 23. Nf5 Qa7 24. Nxd4 Qxd4 25.
Ne2 Qxd3 26. Bxc6 Ne4 27. Kg2 Nd2 28. Re1 e4 29. Ng1 h5 30. Re3 Qd4 31. Ne2 Qb4 32.
Nf4 h4 33. Nd5 Qd4 34. Ne7+ Kf8 35. Nf5 h3+ 36. Kxh3 Qf6 37. g4 g6 38. Ng3 Qxf2 39.
Qa3+ Kg8 40. Nxe4 Nxe4 41. Bxe4 Rd2 0-1

[Event "*** Titled Tuesday Blitz"]
[Site "Chess.com"]
[Date "2020.05.19"]
[Round "4"]
[White "Chichin_chao"]
[Black "Bastiandash"]
[Result "0-1"]
[WhiteElo "2387"]
[BlackElo "2197"]
[TimeControl "180+1"]
[EndTime "12:41:00 PDT"]
[Termination "Bastiandash won on time"]

1. e4 d5 2. exd5 Qxd5 3. Nc3 Qd8 4. Bc4 Nf6 5. d4 c6 6. Nge2 Bf5 7. O-O e6 8. Ng3 Bg6 9. Re1 Be7 10. Nce2 O-O 11.
Nf4 Nbd7 12. h4 Nb6 13. Bb3 Nbd5 14. h5 Nxf4 15. Bxf4 Bf5 16. Nxf5 exf5 17. h6 g6 18. c4 Nh5 19. Bd2 Bg5 20. Bb4 Re8 21. d5 cxd5 22.
cxd5 Rxe1+ 23. Qxe1 Qd7 24. d6 Re8 25. Qd1 Bxh6 26. Ba4 b5 27. Bb3 Bf8 28. Qd4 Ng7 29. Rd1 Rd8 30. Bc3 Qxd6 31. Qxa7 Qe7 32. Re1 Qxa7 33. a3 Qd7 34. Rd1 Ne6 35. Re1 Bg7 36.
Bb4 Bf8 37. Bc3 Bd6 38. g3 Nc5 0-1

[Event "*** Titled Tuesday Blitz"]
[Site "Chess.com"]
[Date "2020.05.19"]
[Round "4"]
[White "ChelsieMonica"]
[Black "wild_cat99"]
[Result "1-0"]
[WhiteElo "2346"]
[BlackElo "2552"]
[TimeControl "180+1"]
[EndTime "12:41:01 PDT"]
[Termination "ChelsieMonica won by resignation"]

1. c4 Nf6 2. Nc3 d5 3. cxd5 Nxd5 4. Nf3 g6 5. e4 Nxc3 6. dxc3 Qxd1+ 7. Kxd1 Bg7 8. Bf4 c5 9. Bxb8 Rxb8 10. Bb5+ Kd8 11.
Ng5 Kc7 12. Ke2 a6 13. Bc4 f5 14. Be6 Bf6 15. Bxc8 Rbxc8 16. Ne6+ Kb6 17. exf5 gxf5 18. Rad1 Rhg8 19. g3 h5 20. h4 Rg4 21. Rd7 Re4+ 22. Kf3 Rxe6 23. Rhd1 Rcc6 24. Kf4 Re2 25. R1d2 Rxd2 26.
Rxd2 Rd6 27. Re2 e6 28. f3 Bg7 29. g4 Bh6+ 30. Ke5 Rd8 31. gxf5 exf5 32. Kxf5 Rf8+ 33. Kg6 Bc1 34. Kxh5 Rxf3 35. Kg4 Rf1 36. h5 Rg1+ 37. Kh4 Rh1+ 38. Kg4 Kb5 39. b3 b6 40. a4+ Ka5 41.
Re5 Bd2 42. b4+ Kxa4 43. bxc5 Bxc3 44. Re4+ Kb5 45. cxb6 Kxb6 46. Re3 Bd4 47. Rd3 Bb2 48. Rb3+ Kc5 49. Rxb2 a5 50. Rb3 Kc4 51. Rh3 a4 52. Rxh1 1-0

[Event "*** Titled Tuesday Blitz"]
[Site "Chess.com"]
[Date "2020.05.19"]
[Round "4"]
[White "crazy_but_lazy"]
[Black "Prostochendir"]
[Result "1-0"]
[WhiteElo "2346"]
[BlackElo "2171"]
[TimeControl "180+1"]
[EndTime "12:41:01 PDT"]
[Termination "crazy_but_lazy won on time"]

1. d4 b6 2. c4 Bb7 3. Nc3 e6 4. d5 Bb4 5. g3 exd5 6. cxd5 Nf6 7. Bg2 O-O 8. a3 Bxc3+ 9. bxc3 Qe7 10. c4 d6 11. Nf3 Ne4 12. Bb2 Nd7 13. O-O Ndc5 14. Qc2 a5 15. Nd4 g6 16. Rae1 f5 17.
e3 Rae8 18. Re2 Nf6 19. Rfe1 Nfd7 20. e4 f4 21. Nf3 Ne5 22. Nxe5 dxe5 23. f3 fxg3 24.
hxg3 Ba6 25. a4 Qd7 26. Ba3 Qxa4 27. Qxa4 Nxa4 28. Bxf8 Rxf8 29. Rc2 Nc5 30. f4 exf4 31. gxf4 Rxf4 32. e5 1-0